AoeStats
← Spaceman Spiff

Arabia

510427933Analyzed
2v2 RM · 14h ago on Oct 1, 2026· 31m 59s· 4 players
Game mode
Random Map
Map size
Medium (4 player)
Population
200
Speed
Normal
Resources
Standard
Victory
Conquest
Starting age
Dark Age
Ending age
Imperial Age
RankedLock teamsTeams togetherTeam positionsShared explorationLock speedFull tech treeHidden civsTurbo modeCheats
Victory
Defeat
🇻🇪 Franks · Venezuela
1074
+14
🇻🇪 Britons · Venezuela
1061
+15
🇺🇸 Berbers · United States
1064
-16
🇺🇸 Magyars · United States
999
-13
Spaceman Spiff
2:28 Loom
10:53 Feudal Age
22:24 Castle Age
20:39 Double-Bit Axe
21:02 Horse Collar
21:24 Fletching
22:02 Padded Archer Armor
23:08 Bloodlines
23:20 Town Watch
24:12 Scale Barding Armor
25:01 Bow Saw
25:27 Husbandry
26:20 Bow Saw
26:22 Elite Skirmisher
27:58 Bodkin Arrow
32:18 Ballistics
KING ROMA
3:23 Loom
11:42 Feudal Age
18:21 Castle Age
17:22 Fletching
17:22 Horse Collar
17:33 Double-Bit Axe
19:02 Gold Mining
18:55 Horse Collar
20:21 Scale Barding Armor
21:09 Bow Saw
22:43 Bloodlines
22:58 Elite Skirmisher
23:57 Husbandry
25:30 Forging
27:33 Chain Barding Armor
28:46 Wheelbarrow
TipoSerio
4:00 Loom
9:58 Feudal Age
10:35 Double-Bit Axe
10:40 Horse Collar
13:17 Wheelbarrow
16:02 Fletching
18:06 Padded Archer Armor
22:25 Castle Age
22:26 Crossbowman
23:27 Bodkin Arrow
25:01 Ballistics
28:00 Pikeman
Monty
10:27 Loom
12:12 Feudal Age
13:22 Double-Bit Axe
20:48 Castle Age
18:44 Gold Mining
20:30 Stone Mining
22:19 Bow Saw
22:50 Gold Shaft Mining
24:15 Wheelbarrow
23:53 Forging
24:04 Town Watch
24:54 Husbandry
26:46 Scale Barding Armor
28:31 Hand Cart
29:47 Chain Barding Armor
Connection lost

Rejoining the realm…

Still unreachable

The connection could not be restored.

Session expired

The server has moved on; the page needs a fresh start.